 Dungeon Crawl Stone Soup version 0.17-a0-931-g11a8995 (console) character file.

190952 nht the Wrestler (level 18, -7/155 HPs)
             Began as a Hill Orc Fighter on May 5, 2015.
             Was the Champion of Okawaru.
             Shot themself with a tomahawk (34 damage)
             ... on level 4 of the Snake Pit.
             The game lasted 01:36:26 (39102 turns).

nht the Wrestler (Hill Orc Fighter)                Turns: 39102, Time: 01:36:26

Health: -7/155     AC: 34    Str: 34    XL:     18   Next: 63%
Magic:  25/25      EV:  9    Int: 11    God:    Okawaru [******]
Gold:   39         SH: 14    Dex: 10    Spells: 0 memorised, 17 levels left

rFire  . . .     SeeInvis +       - Unarmed
rCold  + . .     Clarity  .     L - +7 storm dragon armour of Morality {rElec rCorr Int+3}
rNeg   + + .     SustAb   .     b - +0 shield
rPois  .         Gourm    .     c - +2 hat
rElec  +         Spirit   .     F - +1 cloak {MR+}
rCorr  +         Warding  +     E - +0 pair of gloves
rMut   .         Stasis   .     U - +2 pair of boots "Siurchyu" {rN+ Str+7}
MR     ++...                    x - amulet of warding
Stlth  ..........               y - ring "Feyde" {rElec SInv Stlth+}
                                P - ring of protection from cold

@: finesse, very resistant to hostile enchantments, extremely unstealthy
A: no striking features
a: Heroism, Finesse, Renounce Religion


You were on level 4 of the Snake Pit.
You worshipped Okawaru.
Okawaru was exalted by your worship.
You were hungry.

You visited 5 branches of the dungeon, and saw 32 of its levels.
You visited 1 bazaar.
You also visited: Labyrinth and Ice Cave.

You collected 4072 gold pieces.
You spent 4033 gold pieces at shops.

Inventory:

Missiles
 k - 8 javelins
 o - 6 javelins of returning
 r - 10 tomahawks (quivered)
 s - 4 poisoned tomahawks
 A - 5 poisoned javelins
 Q - 3 steel tomahawks
 S - 15 silver tomahawks
Armour
 b - a +0 shield (worn)
 c - a +2 hat (worn)
 E - a +0 pair of gloves (worn)
 F - a +1 cloak of magic resistance (worn)
 L - the +7 storm dragon armour of Morality (worn) {rElec rCorr Int+3}
   (Okawaru gifted it to you on level 5 of the Lair of Beasts)

   It affects your intelligence (+3).
   It insulates you from electricity.
   It protects you from acid and corrosion.
 U - the +2 pair of boots "Siurchyu" (worn) {rN+ Str+7}
   (You bought it in a shop on level 1 of the Snake Pit)

   It affects your strength (+7).
   It protects you from negative energy.
Rods
 B - a +3 rod of shadows (12/12)
   (You found it in an ice cave)
 O - a +0 rod of inaccuracy (10/10)
   (You bought it in a shop in a bazaar)
 R - a +6 rod of ignition (11/11)
   (You bought it in a shop in a bazaar)
 X - a +3 lightning rod (13/13)
   (You found it in an ice cave)
Jewellery
 u - an uncursed ring of teleport control
 x - an amulet of warding (around neck)
 y - the ring "Feyde" (right hand) {rElec SInv Stlth+}
   (You found it on level 8 of the Dungeon)

   [ring of see invisible]

   It insulates you from electricity.
   It enhances your eyesight.
   It makes you more stealthy.
 P - a ring of protection from cold (left hand)
Magical devices
 g - a wand of disintegration (8)
 p - a wand of cold (4)
 t - a wand of lightning (2)
 H - a wand of cold (5)
 J - a wand of hasting (8)
 K - a wand of digging (12)
 M - a wand of invisibility (2)
 T - a wand of lightning (7)
 W - a wand of digging (10)
 Y - a wand of heal wounds (9)
 Z - a wand of fire (4)
Scrolls
 a - a scroll of fog
 i - 21 scrolls of identify
 l - a scroll of holy word
 q - 7 scrolls of remove curse
 v - 3 scrolls of enchant armour
 z - 3 scrolls of teleportation
Potions
 e - 4 potions of agility
 h - 2 potions of curing
 m - a potion of cancellation
 C - 4 potions of flight
 G - a potion of might
 I - 3 potions of brilliance
Comestibles
 d - 15 bread rations
 j - 21 meat rations
 n - 4 beef jerkies
 D - 12 royal jellies


   Skills:
 - Level 12.5 Fighting
 * Level 15.4 Throwing
 - Level 15.6 Armour
 - Level 12.0 Shields
 + Level 21.2 Unarmed Combat
 - Level 10.0 Invocations
 + Level 4.8 Evocations


You had 17 spell levels left.
You didn't know any spells.

Dungeon Overview and Level Annotations

Branches:
Dungeon (15/15)            Temple (1/1) D:7            Lair (8/8) D:10
  Swamp (0/4) Lair:4        Snake (4/4) Lair:5        Slime (0/6) Lair:7
    Orc (4/4) D:11            Elf (0/3) Orc:3        Vaults (0/5) D:13
 Depths (0/5) D:15

Altars:
Cheibriados
Dithmenos
Fedhas
Gozag
Kikubaaqudgha
Makhleb
Okawaru
Ru
Trog
Vehumet
Xom
The Shining One
Beogh

Shops:
D:5 !   D:8 %   D:10 (   Orc:4 [}((   Snake:1 [*

Annotations:
Orc:4 incomplete


Message History

You throw a tomahawk.
The naga warrior reflects the tomahawk off its shield of reflection!
The tomahawk hits you but does no damage.
You feel a little less agile now.
Throwing (i - inventory. (,) - cycle):
r - 11 tomahawks (quivered)
Press: ? - help, Shift-Dir - straight line, f/p - naga warrior
Aim: a naga warrior, wielding a spear of freezing and wearing a shield of reflection (almost dead)
You throw a tomahawk.
The naga warrior reflects the tomahawk off its shield of reflection!
The tomahawk hits you!!
* * * LOW HITPOINT WARNING * * *
You are too injured to fight recklessly!
You are too injured to fight recklessly!
Throwing (i - inventory. (,) - cycle):
r - 10 tomahawks (quivered)
Press: ? - help, Shift-Dir - straight line, f/p - naga warrior
Aim: a naga warrior, wielding a spear of freezing and wearing a shield of reflection (almost dead)
You throw a tomahawk.
The naga warrior reflects the tomahawk off its shield of reflection!
The tomahawk hits you!!
You die...

█..).███....███)..██ ██......
██...))██████.)...█ ██....... *
██...).)).()....██ █....██.. **
███)......)..███ ████..████..
,*** ███......███ ███....████...
**,****████████ ██....████.....
,**,,,**** ███*████...█████.....█
,,,**,,,.███...█..<..████....<███
,,,,,,,,..((N...@...).█......██
**,,,,,,N(.........)).)[...███
****,,,,....(.........).███
***,,.............████
***████....██████


██████ You could see a naga warrior and a naga.

Vanquished Creatures
  Norris (Snake:4)
  Agnes (Snake:2)
  Kirke (Lair:5)
  19 greater nagas
  An orc warlord (Orc:4)
  Maud (D:12)
  A frost giant (IceCv)
  Aizul (Snake:3)
  A fire giant (D:15)
  2 stone giants (Orc:4)
  Snorg (Orc:2)
  A fire dragon (Lair:8)
  Josephine (D:12)
  A vault guard (D:13)
  A minotaur (Lab)
  Harold (Orc:2)
  8 hydras
  7 naga warriors
  Erolcha (Orc:2)
  2 centaur warriors
  8 death yaks
  8 anacondas
  2 catoblepae
  A queen ant (Lair:6)
  7 orc high priests (Orc:4)
  The ghost of Armakuni the Thaumaturge, an experienced DrWz of Kikubaaqudgha (Lair:1)
  12 naga sharpshooters
  Nergalle (Lair:4)
  A fire crab (Lair:7)
  4 shock serpents
  6 unseen horrors
  5 hill giants
  A wizard (D:15)
  5 naga ritualists
  An ice statue (IceCv)
  Pikel (D:4)
  A wolf spider zombie (D:11)
  3 orc knights (Orc:4)
  4 griffons
  5 orc sorcerers (Orc:4)
  6 salamanders
  2 cyclopes
  3 manticores
  An ugly thing (D:12)
  8 mana vipers
  2 oklob plants (Lair:7)
  22 black mambas
  2 guardian serpents
  3 centaur zombies
  24 elephants
  Maurice (D:9)
  11 spiny frogs
  A torpor snail (Lair:8)
  22 naga magi
  An orange demon (Orc:4)
  10 komodo dragons
  An efreet (D:14)
  4 fire drakes (Lair:8)
  6 trolls
  2 tengu conjurers (D:15)
  Grinder (D:5)
  16 polar bears
  21 blink frogs
  A harpy skeleton (D:15)
  3 two-headed ogres
  2 ravens (D:15)
  2 trapdoor spiders
  4 hogs
  9 wraiths
  11 hippogriffs
  2 deep elf magi (D:12)
  72 yaks
  11 basilisks
  2 deep elf fighters
  6 soldier ants (Lair:6)
  5 steam dragons (Lair:8)
  5 wyverns
  A hungry ghost (D:10)
  A mottled dragon (D:13)
  The ghost of Borgoz the Sneak, an average HaAs (D:3)
  Edmund (D:4)
  10 vampire mosquitoes
  6 swamp worms (Lair:4)
  13 water moccasins
  5 wargs (Orc:4)
  27 wolves
  5 black bears
  53 orc warriors
  3 swamp drakes (Lair:8)
  A wasp (D:12)
  3 sky beasts
  74 nagas
  7 porcupines
  A deep dwarf (shapeshifter) (D:14)
  2 phantoms
  2 slaves (D:4)
  5 centaurs
  22 ogres
  11 ice beasts
  19 crocodiles
  2 big kobolds
  A brain worm (D:15)
  21 giant frogs
  2 gnoll sergeants
  9 wights
  4 scorpions
  An electric eel (Lair:4)
  4 crimson imps
  A giant frog zombie (D:5)
  5 jellies
  A quasit (D:8)
  9 hounds
  4 centaur skeletons
  A spectral orc (Lair:4)
  27 orc wizards
  4 giant frog skeletons
  39 orc priests
  Terence (D:2)
  18 iguanas
  30 worker ants
  39 sheep
  2 hound skeletons
  A worker ant zombie (D:8)
  Robin (D:3)
  11 adders
  14 gnolls
  88 river rats
  3 shadow imps
  An adder zombie (D:6)
  6 oozes
  2 worms (D:2)
  An adder skeleton (D:10)
  6 giant geckos
  263 orcs
  2 bat skeletons
  33 goblins
  22 hobgoblins
  10 jackals
  23 kobolds
  24 bats
  4 giant cockroaches
  A giant gecko skeleton (D:8)
  5 giant newts
  2 quokkas
  A quokka zombie (D:5)
  19 rats
  7 ballistomycetes (D:10)
1483 creatures vanquished.

Vanquished Creatures (collateral kills)
  2 orc warriors (Orc:4)
2 creatures vanquished.

Vanquished Creatures (others)
  A polar bear (IceCv)
  A fire elemental (Orc:4)
  2 yaks (IceCv)
  An iguana (Lair:8)
  An orc (D:11)
  2 giant spores (D:10)
  11 fungi
  2 plants (Lair:8)
21 creatures vanquished.

Grand Total: 1506 creatures vanquished

Notes
Turn   | Place    | Note
--------------------------------------------------------------
     0 | D:1      | nht, the Hill Orc Fighter, began the quest for the Orb.
     0 | D:1      | Reached XP level 1. HP: 19/19 MP: 1/1
   351 | D:1      | Reached XP level 2. HP: 26/26 MP: 2/2
   630 | D:2      | Reached XP level 3. HP: 14/31 MP: 3/3
   634 | D:2      | Reached skill level 4 in Unarmed Combat
   682 | D:2      | Noticed Terence
   718 | D:2      | Found a burning altar of Makhleb.
   721 | D:2      | Noticed a green death
   818 | D:2      | Reached XP level 4. HP: 25/39 MP: 4/4
   839 | D:2      | Killed Terence
   839 | D:2      | Reached skill level 5 in Unarmed Combat
  1204 | D:3      | Found a blossoming altar of Fedhas.
  1253 | D:3      | Noticed Robin
  1272 | D:3      | Reached XP level 5. HP: 41/45 MP: 5/5
  1301 | D:3      | Killed Robin
  1411 | D:3      | Reached skill level 6 in Unarmed Combat
  1595 | D:3      | Found a radiant altar of Vehumet.
  1630 | D:3      | Noticed Borgoz's ghost (average HaAs)
  1655 | D:3      | Killed Borgoz's ghost
  1655 | D:3      | Reached skill level 7 in Unarmed Combat
  1655 | D:3      | Reached XP level 6. HP: 48/51 MP: 6/6
  1905 | D:3      | Found a snail-covered altar of Cheibriados.
  2137 | D:4      | Reached skill level 8 in Unarmed Combat
  2137 | D:4      | Reached XP level 7. HP: 34/57 MP: 7/7
  2365 | D:4      | Reached skill level 9 in Unarmed Combat
  2765 | D:5      | Entered Level 5 of the Dungeon
  2771 | D:5      | Noticed Grinder
  2796 | D:5      | Killed Grinder
  2796 | D:5      | Reached skill level 10 in Unarmed Combat
  2796 | D:5      | Reached XP level 8. HP: 41/64 MP: 8/8
  2799 | D:5      | Noticed Pikel
  3090 | D:5      | Found an iron altar of Okawaru.
  3090 | D:5      | Found a shadowy altar of Dithmenos.
  3092 | D:5      | Found a blossoming altar of Fedhas.
  3098 | D:5      | Found a bloodstained altar of Trog.
  3102 | D:5      | Found a shimmering altar of Xom.
  3107 | D:5      | Found an opulent altar of Gozag.
  3250 | D:5      | Noticed Edmund
  3264 | D:4      | Killed Edmund
  3264 | D:4      | Reached skill level 11 in Unarmed Combat
  3457 | D:4      | Killed Pikel
  3457 | D:4      | Reached skill level 12 in Unarmed Combat
  3457 | D:4      | Reached XP level 9. HP: 53/70 MP: 9/9
  3506 | D:5      | Found a sacrificial altar of Ru.
  3575 | D:5      | Became a worshipper of Warmaster Okawaru
  3587 | D:5      | Found Ypufru's Distillery.
  3620 | D:5      | Bought a potion of lignification for 33 gold pieces
  3620 | D:5      | Bought a potion of mutation for 27 gold pieces
  3620 | D:5      | Bought a potion of berserk rage for 55 gold pieces
  3620 | D:5      | Bought a potion of haste for 110 gold pieces
  3620 | D:5      | Bought a potion of might for 44 gold pieces
  4025 | D:6      | Found an ancient bone altar of Kikubaaqudgha.
  4143 | D:6      | Acquired Okawaru's first power
  4845 | D:7      | Found a staircase to the Ecumenical Temple.
  5244 | D:7      | Found a huge runed gate.
  5245 | D:7      | Found a huge runed gate.
  5246 | D:7      | Found a huge runed gate.
  5247 | D:7      | Found a huge runed gate.
  5247 | D:7      | Noticed a griffon
  5248 | D:7      | Noticed a griffon
  5358 | D:7      | Reached skill level 5 in Fighting
  5387 | D:7      | Reached skill level 13 in Unarmed Combat
  5398 | D:7      | Reached skill level 5 in Armour
  5398 | D:7      | Reached XP level 10. HP: 28/82 MP: 8/10
  5401 | D:7      | Reached skill level 5 in Shields
  5446 | Temple   | Entered the Ecumenical Temple
  5745 | D:8      | Found a glowing golden altar of the Shining One.
  5883 | D:8      | Got a smoking lapis lazuli ring
  5888 | D:8      | Identified the ring "Feyde" {rElec SInv Stlth+} (You found it on level 8 of the Dungeon)
  6110 | D:8      | Found Motureg's Food Shop.
  6634 | D:9      | Noticed a manticore
  6644 | D:9      | Killed a manticore
  6816 | D:9      | Noticed Maurice
  6839 | D:9      | Paralysed by Maurice for 5 turns
  6851 | D:9      | Killed Maurice
  7060 | D:9      | Found a shadowy altar of Dithmenos.
  7387 | D:10     | Entered Level 10 of the Dungeon
  7403 | D:9      | Reached skill level 1 in Invocations
  7436 | D:10     | Noticed a hill giant
  7449 | D:10     | Killed a hill giant
  7449 | D:10     | Reached skill level 14 in Unarmed Combat
  7565 | D:10     | Found a staircase to the Lair.
  7579 | D:10     | Noticed a hill giant
  7588 | D:10     | Killed a hill giant
  7588 | D:10     | Reached XP level 11. HP: 60/93 MP: 11/13
  8118 | D:10     | Found Fecerph's Antique Weapon Shoppe.
  8570 | Lair:1   | Entered Level 1 of the Lair of Beasts
  8990 | Lair:1   | Noticed Armakuni's ghost (experienced DrWz)
  9009 | Lair:1   | Killed Armakuni's ghost
  9009 | Lair:1   | Acquired Okawaru's second power
  9009 | Lair:1   | Reached skill level 1 in Throwing
  9174 | Lair:1   | Reached skill level 5 in Invocations
  9620 | D:11     | Noticed a hill giant
  9620 | D:11     | Noticed an unseen horror
  9772 | D:11     | Killed an unseen horror
  9772 | D:11     | Reached skill level 15 in Unarmed Combat
  9782 | D:11     | Killed a hill giant
  9782 | D:11     | Received a gift from Okawaru
 10123 | D:11     | Reached XP level 12. HP: 101/101 MP: 15/15
 10253 | D:11     | Reached skill level 5 in Throwing
 10379 | D:11     | Found a staircase to the Orcish Mines.
 11218 | Orc:1    | Entered Level 1 of the Orcish Mines
 11493 | Orc:2    | Noticed Erolcha
 11506 | Orc:2    | Killed Erolcha
 11506 | Orc:2    | Reached skill level 16 in Unarmed Combat
 11704 | Orc:2    | You fall through a shaft for 2 floors!
 11704 | Orc:4    | Entered Level 4 of the Orcish Mines
 11705 | Orc:4    | yuikes
 11782 | Orc:3    | Found a staircase to the Elven Halls.
 12199 | Orc:1    | Noticed Harold
 12439 | Orc:2    | Killed Harold
 12843 | Orc:3    | Found a roughly hewn altar of Beogh.
 13393 | Orc:2    | Noticed Snorg
 13404 | Orc:2    | Killed Snorg
 13812 | Orc:4    | Received a gift from Okawaru
 14028 | Orc:4    | Reached XP level 13. HP: 48/108 MP: 15/17
 14289 | Orc:4    | Noticed a stone giant
 14617 | Orc:4    | Noticed an orc high priest
 14641 | Orc:4    | HP: 2/108 [sun demon[an orc high priest] (14)]
 14642 | Orc:4    | Noticed an orc warlord
 15001 | Orc:4    | Killed a stone giant
 15250 | Orc:4    | Reached skill level 10 in Armour
 15671 | Orc:4    | Killed an orc high priest
 15712 | Orc:4    | Found a roughly hewn altar of Beogh.
 15835 | Orc:4    | Noticed a stone giant
 15849 | Orc:4    | Killed a stone giant
 15973 | Orc:4    | Found Pis Maataopp's Antique Weapon Boutique.
 15987 | Orc:4    | Found Orup's Antique Weapon Shop.
 16113 | Orc:4    | Killed an orc warlord
 16135 | Orc:4    | Noticed an orc high priest
 16136 | Orc:4    | Noticed an orc high priest
 16271 | Orc:4    | Found a roughly hewn altar of Beogh.
 16308 | Orc:4    | Noticed an orc high priest
 16322 | Orc:4    | Killed an orc high priest
 16396 | Orc:4    | Noticed an orc high priest
 16402 | Orc:4    | Noticed an orc high priest
 16413 | Orc:4    | Killed an orc high priest
 16426 | Orc:4    | Killed an orc high priest
 16473 | Orc:4    | Found Ifaotec's Antique Armour Shop.
 16670 | Orc:4    | Bought an opal-studded scale mail for 261 gold pieces
 16706 | Orc:4    | Killed an orc high priest
 16706 | Orc:4    | Received a gift from Okawaru
 16706 | Orc:4    | Reached skill level 15 in Armour
 16735 | Orc:4    | Killed an orc high priest
 16996 | Orc:4    | Noticed an orc high priest
 16997 | Orc:4    | Found Ruet Mea's Gadget Boutique.
 17010 | Orc:4    | Killed an orc high priest
 17059 | Orc:4    | Bought a wand of disintegration (15) for 266 gold pieces
 17317 | Orc:4    | Identified the +6 scale mail of the Elven Halls {rN+ Regen+} (You bought it in a shop on level 4 of the Orcish Mines)
 17566 | D:5      | Bought a potion of beneficial mutation for 385 gold pieces
 17566 | D:5      | Bought a potion of agility for 44 gold pieces
 17566 | D:5      | Gained mutation: You are covered in fur (AC +1). [potion of beneficial mutation]
 17699 | D:7      | Killed a griffon
 17706 | D:7      | Killed a griffon
 17706 | D:7      | Reached XP level 14. HP: 87/116 MP: 18/18
 17988 | Lair:2   | Found a frozen archway.
 18133 | IceCv    | Entered an ice cave
 18250 | IceCv    | Reached skill level 17 in Unarmed Combat
 18430 | IceCv    | Identified a cursed +3 rod of shadows (12/12) (You found it in an ice cave)
 19115 | IceCv    | Received a gift from Okawaru
 19165 | IceCv    | Noticed a frost giant
 19208 | IceCv    | Killed a frost giant
 19746 | Lair:2   | Received a gift from Okawaru
 19747 | Lair:2   | Got a translucent longbow {god gift}
 19753 | Lair:2   | Identified the +1 longbow "Ucwiwn" {freeze, rPois rF++ Dex-3} (Okawaru gifted it to you on level 2 of the Lair of Beasts)
 21072 | Lair:4   | Noticed Nergalle
 21120 | Lair:4   | Killed Nergalle
 21258 | Lair:4   | Found a staircase to the Swamp.
 22260 | Lair:5   | Reached XP level 15. HP: 105/126 MP: 21/21
 22316 | Lair:5   | Noticed a greater naga
 22342 | Lair:5   | Found a staircase to the Snake Pit.
 22429 | Lair:5   | Killed a greater naga
 22429 | Lair:5   | Received a gift from Okawaru
 22430 | Lair:5   | Got a spiked storm dragon armour {god gift}
 22787 | Lair:5   | Reached skill level 18 in Unarmed Combat
 22976 | Lair:5   | Identified the +7 storm dragon armour of Morality {rElec rCorr Int+3} (Okawaru gifted it to you on level 5 of the Lair of Beasts)
 23023 | Lair:6   | Reached skill level 10 in Fighting
 23280 | Lair:6   | Reached skill level 10 in Throwing
 23398 | Lair:6   | Noticed Kirke
 23420 | Lair:5   | Noticed a sphinx
 23795 | Lair:5   | Killed Kirke
 24344 | Lair:6   | Reached skill level 10 in Shields
 25252 | Lair:8   | Entered Level 8 of the Lair of Beasts
 25840 | Lair:7   | Received a gift from Okawaru
 25883 | Lair:7   | Found a staircase to the Slime Pits.
 26023 | Lair:8   | Reached skill level 10 in Invocations
 26171 | Lair:8   | Received a gift from Okawaru
 26282 | Lair:8   | Reached XP level 16. HP: 115/137 MP: 23/23
 26520 | Lair:8   | Reached skill level 19 in Unarmed Combat
 26527 | Lair:8   | Received a gift from Okawaru
 26553 | Lair:8   | Identified a scroll of acquirement
 27033 | Lair:8   | Received a gift from Okawaru
 28425 | D:12     | Noticed Josephine
 28430 | D:12     | Killed Josephine
 28566 | D:12     | Noticed Maud
 28591 | D:12     | Killed Maud
 28639 | D:12     | Lost mutation: You are covered in fur (AC +1). [potion of cure mutation]
 29490 | D:13     | Found a gate to the Vaults.
 29889 | D:14     | Received a gift from Okawaru
 29931 | D:14     | Found a labyrinth entrance.
 29941 | Lab      | Entered a labyrinth
 30428 | Lab      | Got a clouded jade ring
 30433 | Lab      | Identified the ring of Hospitality {Ice Str+7 Dex-4} (You found it in a labyrinth)
 31074 | D:15     | Entered Level 15 of the Dungeon
 31401 | D:15     | Got a pair of spiked boots
 31412 | D:15     | Identified the -3 pair of boots of Neuqaj {-Tele Int+5 Dex+4} (You found it on level 15 of the Dungeon)
 31520 | D:15     | Found a staircase to the Depths.
 31645 | D:15     | Found a glowing golden altar of the Shining One.
 32079 | Snake:1  | Entered Level 1 of the Snake Pit
 32101 | Lair:5   | Reached skill level 20 in Unarmed Combat
 32108 | Lair:5   | Reached XP level 17. HP: 45/147 MP: 24/24
 32582 | Snake:1  | Received a gift from Okawaru
 32873 | Snake:1  | Found Hyekeom's Assorted Antiques.
 32879 | Snake:1  | Bought a scroll labeled HEOXKU GIGHODA for 28 gold pieces
 32879 | Snake:1  | Bought a potion of might for 112 gold pieces
 33046 | Snake:1  | Found Saomel's Armour Emporium.
 33188 | Snake:1  | Bought the +2 pair of boots "Siurchyu" {rN+ Str+7} for 606 gold pieces
 33449 | Snake:2  | Noticed Agnes
 33462 | Snake:2  | Killed Agnes
 34340 | Snake:3  | Noticed Aizul
 34364 | Snake:3  | Killed Aizul
 34364 | Snake:3  | Received a gift from Okawaru
 34795 | Snake:3  | Received a gift from Okawaru
 34974 | Snake:3  | HP: 7/148 [poisoned by a greater naga (splash of poison)]
 34982 | Snake:3  | HP: 7/148 [poisoned by a greater naga (splash of poison)]
 35953 | Snake:3  | Received a gift from Okawaru
 35954 | Snake:3  | Got a jewelled triple sword {god gift}
 35960 | Snake:3  | Identified the +1 triple sword of Imminent Death {slice, rElec rPois Int-4 Stlth+} (Okawaru gifted it to you on level 3 of the Snake Pit)
 36457 | Snake:4  | Entered Level 4 of the Snake Pit
 36467 | Snake:4  | Found a flickering gateway to a bazaar.
 36567 | Bazaar   | Entered a bazaar
 36567 | Bazaar   | Found Cibbon's General Store.
 36567 | Bazaar   | Found Wizefuac's Book Shoppe.
 36567 | Bazaar   | Found Ruvigoi's Book Shoppe.
 36567 | Bazaar   | Found Garezice's Gadget Emporium.
 36568 | Bazaar   | Found Sadd's Book Emporium.
 36575 | Bazaar   | Bought a scroll of teleportation for 36 gold pieces
 36575 | Bazaar   | Bought a scroll of identify for 24 gold pieces
 36593 | Bazaar   | Bought a +0 rod of inaccuracy (10/10) for 825 gold pieces
 36593 | Bazaar   | Bought a +6 rod of ignition (11/11) for 1177 gold pieces
 36703 | Snake:4  | Noticed Norris
 36722 | Snake:4  | Killed Norris
 36722 | Snake:4  | Reached skill level 1 in Evocations
 36754 | Snake:4  | Reached XP level 18. HP: 114/155 MP: 25/25
 37189 | Snake:4  | Received a gift from Okawaru
 37219 | Snake:4  | this is a lot tougher now huh
 37417 | Snake:4  | Reached skill level 21 in Unarmed Combat
 37518 | Snake:4  | Received a gift from Okawaru
 37875 | Snake:4  | it's the last level?
 37905 | Snake:4  | Reached skill level 15 in Throwing
 39102 | Snake:4  | Shot themself with a tomahawk

Action                   |  1- 3 |  4- 6 |  7- 9 | 10-12 | 13-15 | 16-18 || total
-------------------------+-------+-------+-------+-------+-------+-------++-------
Melee: Unarmed           |    79 |   202 |   456 |  1232 |  2208 |  1085 ||  5262
Throw: Tomahawk          |       |       |       |    65 |    56 |   701 ||   822
       Javelin           |       |       |       |       |    41 |    63 ||   104
Invok: Heroism           |       |       |     1 |    10 |    20 |    15 ||    46
       Finesse           |       |       |       |       |     1 |     2 ||     3
Evoke: Wand              |       |       |       |    19 |    18 |    12 ||    49
       Lamp of fire      |       |       |       |       |     1 |       ||     1
  Use: Potion            |     5 |     7 |     5 |    11 |    17 |    11 ||    56
       Scroll            |     4 |       |     3 |     7 |    15 |    14 ||    43
 Stab: Paralysed         |       |       |     2 |     5 |       |       ||     7
       Invisible         |       |       |     1 |     2 |       |       ||     3
       Sleeping          |       |       |       |     2 |     1 |       ||     3
       Confused          |       |       |       |       |     1 |       ||     1
       Fleeing           |       |       |       |       |     1 |       ||     1
  Eat: Chunk             |       |     5 |    11 |    33 |    41 |    12 ||   102
       Fruit             |       |       |       |       |     4 |    18 ||    22
       Pizza             |       |       |       |       |       |     6 ||     6
       Beef jerky        |       |       |       |       |       |     4 ||     4
